 Dungeon Crawl Stone Soup version 0.22.1-1-ga44c0e5 (webtiles) character file.

216258 dvd the Bludgeoner (level 19, -1/120 HPs)
             Began as a Gargoyle Berserker on Sept 29, 2018.
             Was the Champion of Trog.
             Slain by an emperor scorpion (11 damage)
             ... on level 4 of the Spider Nest.
             The game lasted 02:21:50 (33523 turns).

dvd the Bludgeoner (Gargoyle Berserker)            Turns: 33523, Time: 02:21:51

Health: -1/120     AC: 56    Str: 28    XL:     19   Next: 5%
Magic:  26/26      EV: 15    Int:  9    God:    Trog [******]
Gold:   2831       SH:  0    Dex: 30    Spells: 18/18 levels left

rFire    . . .     SeeInvis +   b - +10 great mace of Dried Tears {protect, MR+ Str+4 Dex+2 SInv}
rCold    . . .     Gourm    .   (shield currently unavailable)
rNeg     + . .     Faith    .   v - +8 plate armour of the Clam {+Blink rElec Stlth+}
rPois    ∞         Spirit   .   (helmet restricted)
rElec    +         Reflect  .   f - +2 cloak
rCorr    +         Harm     .   x - +2 pair of gloves
MR       ++...                  A - +0 pair of boots
Stlth    +.........             H - amulet "Sygume" {Regen+ Dex+8}
HPRegen  0.70/turn              l - +5 ring of dexterity
MPRegen  0.20/turn              K - ring of resist corrosion

@: protection aura, flying
A: big wings, beak, blurry vision 1, negative energy resistance 1, electricity
resistance, strong 1, unbreathing, petrification resistance, rot immunity, AC
+14
}: 1/15 runes: barnacled
a: Stop Flying, Berserk, Trog's Hand, Brothers in Arms, Renounce Religion, Evoke
Blink


You were on level 4 of the Spider Nest.
You worshipped Trog.
Trog was exalted by your worship.
You were not hungry.

You visited 5 branches of the dungeon, and saw 31 of its levels.
You also visited: Labyrinth and Sewer.

You collected 4219 gold pieces.
You spent 1388 gold pieces at shops.

Inventory:

Hand Weapons
 a - the +5 mace of Severance {freeze, rF- rC+++ Int-3 Dex+8}
   (You found it on level 4 of the Dungeon)

   It has been specially enchanted to freeze those struck by it, causing extra
   injury to most foes and up to half again as much damage against particularly
   susceptible opponents.
   It can also slow down cold-blooded creatures.
   It affects your intelligence (-3).
   It affects your dexterity (+8).
   It makes you vulnerable to fire.
   It renders you almost immune to cold.
 b - the +10 great mace of Dried Tears (weapon) {protect, MR+ Str+4 Dex+2 SInv}
   (You took it off an ettin on level 2 of the Orcish Mines)

   It protects the one who uses it against injury (+AC on strike).
   It affects your strength (+4).
   It affects your dexterity (+2).
   It affects your resistance to hostile enchantments.
   It lets you see invisible.
 u - the +2 great mace of the Grave {elec, rC+ Int+2 Dex+2}
   (Trog gifted it to you on level 4 of the Spider Nest)

   Occasionally, upon striking a foe, it will discharge some electrical energy
   and cause terrible harm.
   It affects your intelligence (+2).
   It affects your dexterity (+2).
   It protects you from cold.
 O - a +7 antimagic morningstar
 W - a +4 eveningstar of protection
 Z - a +3 executioner's axe of freezing
Missiles
 h - 14 javelins of returning
 w - 8 javelins
 z - 16 tomahawks of returning
 P - 63 tomahawks
 Q - 4 silver javelins
 R - 24 javelins of penetration (quivered)
 X - 6 poisoned javelins
Armour
 f - a +2 cloak (worn)
 v - the +8 plate armour of the Clam (worn) {+Blink rElec Stlth+}
   (You bought it in a shop on level 2 of the Orcish Mines)

   It insulates you from electricity.
   It lets you blink.
   It makes you more stealthy.
 x - a +2 pair of gloves (worn)
 A - a +0 pair of boots (worn)
Jewellery
 l - a +5 ring of dexterity (left hand)
 H - the amulet "Sygume" (around neck) {Regen+ Dex+8}
   (You found it on level 6 of the Lair of Beasts)

   [amulet of regeneration]

   It affects your dexterity (+8).
   It increases your rate of regeneration.
 K - a ring of resist corrosion (right hand)
 M - an uncursed ring of protection from fire
 N - the ring of Daisies {Ice rPois Str+8 Dex-2}
   (You found it on level 13 of the Dungeon)

   [ring of ice]

   It enhances your ice magic.
   It affects your strength (+8).
   It affects your dexterity (-2).
   It makes you vulnerable to fire.
   It protects you from cold.
   It protects you from poison.
Wands
 d - a wand of paralysis (14)
 t - a wand of scattershot (9)
 y - a wand of digging (42)
 I - a wand of iceblast (44)
 J - a wand of flame (101)
 T - a wand of random effects (15)
 U - a wand of acid (12)
 V - a wand of disintegration (28)
Scrolls
 g - 9 scrolls of remove curse
 i - 11 scrolls of teleportation
 j - 21 scrolls of identify
 r - 6 scrolls of blinking
 C - 5 scrolls of enchant armour
 D - 3 scrolls of magic mapping
 E - a scroll of summoning
 F - a scroll of enchant weapon
 S - a scroll of fog
 Y - 3 scrolls of fear
Potions
 e - 12 potions of curing
 k - 3 potions of brilliance
 m - 6 potions of lignification
 n - 3 potions of might
 o - a potion of magic
 p - 4 potions of berserk rage
 q - 3 potions of invisibility
 B - 4 potions of haste
 G - 3 potions of heal wounds
 L - 3 potions of agility
Comestibles
 c - 75 rations


   Skills:
 + Level 13.8 Fighting
   Level 0.3 Short Blades
 + Level 1.8(12.0) Axes
 + Level 18.9 Maces & Flails
 + Level 9.1 Throwing
 * Level 16.6 Armour
 + Level 7.1 Dodging
 + Level 6.1 Stealth
   Level 9.6 Shields
 + Level 1.0 Unarmed Combat
 * Level 9.9 Evocations


You had 18 spell levels left.
You didn't know any spells.
Your spell library was empty.

Dungeon Overview and Level Annotations

Branches:
Dungeon (15/15)            Temple (0/1) D:7            Lair (6/6) D:8
 Shoals (4/4) Lair:3       Spider (4/4) Lair:3        Slime (0/5) Lair:6
    Orc (2/2) D:10            Elf (0/3) Orc:2        Vaults (0/5) D:13
 Depths (0/5) D:15

Altars:
Ashenzari
Fedhas
Gozag
Kikubaaqudgha
Nemelex Xobeh
Qazlal
Ru
Sif Muna
Trog
Uskayaw
Wu Jian
Xom
Yredelemnul
Beogh

Shops:
D:15 (   Orc:2 %*=}


Innate Abilities, Weirdness & Mutations

You are resistant to torment.
Your stone body is resilient. (AC +14)
You are immune to poison.
Your large and strong wings let you fly indefinitely.
You resist negative energy. (rN+)
You are resistant to electric shocks. (rElec)
You can survive without breathing.
You are immune to petrification.
You are immune to rotting.
You have a beak for a mouth.
Scrolls take you a little longer to read.
Your muscles are strong. (Str +2)


Message History

Trog accepts your kill.
The emperor scorpion stings you but does no damage.
The emperor scorpion completely misses you.
The emperor scorpion claws you but does no damage.
The moth of wrath misses you.
You hit the moth of wrath. You peck the moth of wrath!
The moth of wrath is almost dead.
The emperor scorpion stings you but does no damage.
The emperor scorpion misses you.
The emperor scorpion claws you but does no damage.
You closely miss the moth of wrath.
The moth of wrath is almost dead.
The moth of wrath goads the emperor scorpion on!
The emperor scorpion goes berserk!
You barely miss the moth of wrath. Your peck misses the moth of wrath.
The moth of wrath is almost dead.
The emperor scorpion stings you!!
* * * LOW HITPOINT WARNING * * *
The emperor scorpion claws you!
You die...

^..#≈# #### .≈^.. ##^..
##..≈. #...† #(... ##...
##..≈ #... #... #...
#sy# #... #.@# ##.. #..#
##.. #.†## #... ##..#
#... #..# ##... #...
##.## #≈... #... #.^#
#≈..###... #####^.#
##≈.≈##.^..
####..##..####≈≈..###...


You could see an emperor scorpion (berserk) and a moth of wrath.

Vanquished Creatures
  Rupert (D:13)
  Polyphemus (Shoals:2)
  Kirke (Spider:2)
  Frances (Shoals:1)
  A frost giant (Shoals:4)
  A ghost moth (Spider:3)
  5 emperor scorpions
  Louise (Shoals:2)
  6 entropy weavers
  A minotaur (Lab)
  The ghost of jerryfan the Cleaver, a journeyman DsFi of Okawaru (Orc:2)
  2 spark wasps
  3 ettins
  2 merfolk javelineers (Shoals:4)
  Josephine (D:10)
  7 merfolk impalers
  4 fire dragons
  An ice dragon (D:15)
  Erolcha (D:13)
  6 hydras
  5 centaur warriors
  4 merfolk avatars
  2 satyrs
  6 merfolk aquamancers
  7 two-headed ogres
  2 dancing weapons
  An alligator snapping turtle (Shoals:4)
  2 catoblepae
  8 death yaks
  2 orc high priests
  A deep troll shaman (Lair:6)
  Urug (D:10)
  Sonja (Lair:4)
  A fire crab (Lair:6)
  3 unseen horrors
  14 sea snakes
  A fire crab (shapeshifter) (D:14)
  2 lindwurms (Lair:6)
  7 harpies
  A wolf spider zombie (D:13)
  21 orb spiders
  5 orc knights
  16 ugly things
  A mana viper (shapeshifter) (D:12)
  12 cyclopes
  13 fauns
  7 orc sorcerers
  3 deep elf magi
  20 wolf spiders
  9 manticores
  10 merfolk sirens
  3 elephants
  4 black mambas
  3 torpor snails
  3 centaur zombies
  A gargoyle (D:14)
  4 water nymphs
  An efreet (D:15)
  6 spiny frogs
  A yaktaur (D:14)
  5 kobold demonologists
  A freezing wraith (D:14)
  A redback zombie (D:15)
  5 rime drakes
  8 demonic crawlers
  7 komodo dragons
  2 queen bees
  35 merfolk
  3 meliai (D:12)
  9 trolls
  35 jumping spiders
  4 hornets
  A polar bear (Lair:6)
  5 wind drakes
  5 slime creatures
  14 blink frogs
  6 dream sheep
  7 hippogriffs
  12 snapping turtles
  29 tarantellas
  2 water elementals
  81 redbacks
  6 wraiths
  39 yaks
  2 wyverns
  4 basilisks
  2 hogs (Spider:2)
  3 hungry ghosts
  5 vampire mosquitoes
  A warg (Orc:2)
  6 steam dragons
  Edmund (D:4)
  8 water moccasins
  3 acid dragons
  8 porcupines
  3 ice beasts
  24 orc warriors
  7 black bears
  2 necrophages
  5 sky beasts
  3 eyes of draining
  A phantom (D:14)
  11 ogres
  8 boggarts
  20 centaurs
  3 wolves (Lair:6)
  9 crocodiles
  11 big kobolds
  A gnoll sergeant (D:10)
  Blork the orc (D:5)
  22 bullfrogs
  2 wyvern zombies
  A wyvern skeleton (D:9)
  3 scorpions
  60 killer bees
  19 wights
  3 howler monkeys
  An electric eel (Spider:2)
  12 crimson imps
  3 bullfrog zombies
  A quasit (D:6)
  A wyvern simulacrum (D:14)
  24 orc priests
  5 jellies
  9 centaur skeletons
  13 hounds
  Terence (D:3)
  3 iguanas
  28 orc wizards
  16 worker ants
  2 hound zombies
  A hound skeleton (D:4)
  A howler monkey zombie (D:10)
  2 worker ant zombies
  7 gnolls
  18 adders
  2 river rats (Sewer)
  6 shadow imps
  2 oozes (Lair:6)
  3 worms
  2 dart slugs
  13 leopard geckos
  83 orcs
  13 giant cockroaches
  16 goblins
  7 hobgoblins
  14 jackals
  27 kobolds
  3 quokkas
  3 ball pythons
  10 bats
  3 frilled lizards
  A leopard gecko zombie (D:6)
  A quokka skeleton (D:4)
  8 rats
  2 butterflies (Lair:1)
1212 creatures vanquished.

Vanquished Creatures (collateral kills)
  A merfolk javelineer (Shoals:4)
  An alligator snapping turtle (Shoals:4)
  2 orc high priests (Orc:2)
  4 harpies (Shoals:1)
  A demonic crawler (Spider:4)
  6 rime drakes (Lair:6)
  2 merfolk (Shoals:4)
  A blink frog (Lair:6)
  A wind drake (Shoals:1)
  2 hippogriffs
  A wyvern (D:8)
  A redback (Spider:4)
  A water elemental (Shoals:4)
  4 steam dragons (Lair:6)
  3 orc warriors
  A crocodile (Lair:6)
  2 orc wizards
  An orc (D:8)
  A quokka skeleton (D:8)
36 creatures vanquished.

Vanquished Creatures (others)
  A centaur zombie (D:14)
  A spiny frog (Lair:6)
  A jumping spider (Spider:4)
  A blink frog (Lair:6)
  An eye of draining (D:15)
  A centaur (Shoals:4)
  A worker ant (D:14)
  An ooze (Lair:6)
  2 orcs
  6 fungi
  10 plants
26 creatures vanquished.

Grand Total: 1274 creatures vanquished

Notes
Turn   | Place    | Note
-------+----------+-------------------------------------------
     0 | D:1      | dvd the Gargoyle Berserker began the quest for the Orb.
     0 | D:1      | Reached XP level 1. HP: 14/14 MP: 1/1
    84 | D:1      | Reached XP level 2. HP: 11/19 MP: 2/2
   593 | D:1      | Reached XP level 3. HP: 11/24 MP: 3/3
  1194 | D:1      | Reached ** piety under Trog
  1900 | D:2      | Reached XP level 4. HP: 29/29 MP: 4/4
  2025 | D:2      | Reached skill level 4 in Maces & Flails
  2223 | D:3      | Found a sacrificial altar of Ru.
  2449 | D:3      | Found a deep blue altar of Sif Muna.
  2951 | D:3      | Reached XP level 5. HP: 33/33 MP: 5/5
  3214 | D:3      | Noticed Terence
  3235 | D:3      | Killed Terence
  3385 | D:4      | Reached *** piety under Trog
  3554 | D:4      | Reached XP level 6. HP: 28/38 MP: 6/6
  3588 | D:4      | Found a glowing drain.
  3621 | Sewer    | Entered a sewer
  3630 | Sewer    | Reached skill level 5 in Maces & Flails
  3772 | Sewer    | Found a white marble altar of Elyvilon.
  3841 | D:4      | Got an ichor-stained mace
  3842 | D:4      | Identified the +5 mace of Severance {freeze, rF- rC+++
                  | Int-3 Dex+8} (You found it on level 4 of the Dungeon)
  3870 | D:4      | Noticed Edmund
  3878 | D:4      | Killed Edmund
  3878 | D:4      | Reached XP level 7. HP: 44/44 MP: 7/7
  4221 | D:4      | Reached **** piety under Trog
  4221 | D:4      | Reached skill level 6 in Maces & Flails
  4483 | D:5      | Entered Level 5 of the Dungeon
  4518 | D:5      | Noticed Blork the orc
  4524 | D:5      | Killed Blork the orc
  4571 | D:5      | Reached skill level 5 in Armour
  4577 | D:5      | Found an ancient bone altar of Kikubaaqudgha.
  4897 | D:5      | Reached XP level 8. HP: 44/48 MP: 8/8
  4973 | D:5      | Found an ornate altar of the Wu Jian Council.
  4979 | D:5      | Found a stormy altar of Qazlal.
  4980 | D:5      | Found a shimmering altar of Xom.
  5229 | D:6      | Reached skill level 5 in Fighting
  5264 | D:6      | Reached skill level 7 in Maces & Flails
  5287 | D:6      | Reached skill level 1 in Shields
  5366 | D:6      | Reached skill level 1 in Throwing
  5438 | D:6      | Reached XP level 9. HP: 24/54 MP: 9/9
  5768 | D:6      | Reached skill level 8 in Maces & Flails
  5912 | D:6      | Found a blossoming altar of Fedhas.
  5926 | D:6      | Reached skill level 1 in Unarmed Combat
  6526 | D:7      | Found a basalt altar of Yredelemnul.
  6591 | D:7      | Found a bloodstained altar of Trog.
  6673 | D:7      | Found a sparkling altar of Nemelex Xobeh.
  6766 | D:7      | Found a staircase to the Ecumenical Temple.
  6770 | D:7      | Reached ***** piety under Trog
  7085 | D:8      | Found a staircase to the Lair.
  7101 | D:8      | Reached skill level 9 in Maces & Flails
  7166 | D:8      | Reached XP level 10. HP: 46/60 MP: 10/10
  7667 | D:8      | Noticed a two-headed ogre
  7676 | D:8      | Killed a two-headed ogre
  7676 | D:8      | Reached skill level 10 in Maces & Flails
  7943 | D:8      | Noticed a three-headed hydra
  7952 | D:8      | Killed a three-headed hydra
  7952 | D:8      | Reached skill level 1 in Stealth
  8198 | D:9      | Reached skill level 5 in Shields
  8384 | D:9      | Reached XP level 11. HP: 60/67 MP: 11/11
  8872 | D:10     | Entered Level 10 of the Dungeon
  8872 | D:10     | Noticed Urug
  9027 | D:10     | Killed Urug
  9027 | D:10     | Received a gift from Trog
  9238 | D:10     | Noticed Josephine
  9256 | D:10     | Reached skill level 11 in Maces & Flails
  9268 | D:10     | Killed Josephine
  9268 | D:10     | Reached skill level 10 in Armour
  9495 | D:10     | Found a staircase to the Orcish Mines.
 10021 | D:11     | Noticed a cyclops
 10026 | D:11     | Killed a cyclops
 10028 | D:11     | Reached skill level 5 in Dodging
 10040 | D:10     | Received a gift from Trog
 10087 | D:11     | Noticed a fire dragon
 10262 | Lair:1   | Entered Level 1 of the Lair of Beasts
 10645 | Lair:1   | Reached skill level 12 in Maces & Flails
 10653 | Lair:1   | Reached XP level 12. HP: 51/73 MP: 12/12
 11810 | Lair:1   | Gained mutation: You have a beak for a mouth. [potion of
                  | mutation]
 11810 | Lair:1   | Gained mutation: Scrolls take you a little longer to read.
                  | [potion of mutation]
 11810 | Lair:1   | Gained mutation: Your muscles are strong. (Str +2) [potion
                  | of mutation]
 12270 | Lair:3   | Noticed a four-headed hydra
 12280 | Lair:3   | Killed a four-headed hydra
 12360 | Lair:3   | Found a hole to the Spider Nest.
 12980 | Lair:3   | Received a gift from Trog
 13067 | Lair:3   | Found a staircase to the Shoals.
 13420 | Lair:4   | Noticed Sonja
 13489 | Lair:4   | Killed Sonja
 13489 | Lair:4   | Reached skill level 13 in Maces & Flails
 13489 | Lair:4   | Reached XP level 13. HP: 73/79 MP: 5/13
 14441 | Lair:5   | Found a hide-covered altar of Uskayaw.
 15108 | Lair:6   | Entered Level 6 of the Lair of Beasts
 15740 | Lair:6   | Received a gift from Trog
 15914 | Lair:6   | Noticed a fire dragon
 15927 | Lair:6   | Killed a fire dragon
 16514 | Lair:6   | Reached skill level 5 in Stealth
 16514 | Lair:6   | Gained mutation: Your large and strong wings let you fly
                  | indefinitely. [Gargoyle growth]
 16514 | Lair:6   | Reached XP level 14. HP: 86/86 MP: 14/14
 16537 | Lair:6   | Reached skill level 5 in Throwing
 16560 | Lair:6   | Got a fine pewter amulet
 16562 | Lair:6   | Identified the amulet "Sygume" {Regen+ Dex+8} (You found it
                  | on level 6 of the Lair of Beasts)
 16674 | Lair:6   | Found a staircase to the Slime Pits.
 17221 | Orc:1    | Entered Level 1 of the Orcish Mines
 17243 | Orc:1    | Reached skill level 14 in Maces & Flails
 17279 | Orc:2    | Entered Level 2 of the Orcish Mines
 17297 | Orc:2    | Found a staircase to the Elven Halls.
 17450 | Orc:2    | Found a transporter.
 17454 | Orc:2    | Noticed jerryfan's ghost (journeyman DsFi)
 17459 | Orc:2    | Found a transporter.
 17648 | Orc:2    | Found Laamm's Gadget Emporium.
 17860 | Orc:2    | Found Ommaege's Jewellery Shop.
 17872 | Orc:2    | Found Ugicy's General Store.
 17874 | Orc:2    | Found Zutz's Food Emporium.
 17884 | Orc:2    | Bought the +8 plate armour of the Clam {+Blink rElec
                  | Stlth+} for 1388 gold pieces
 18059 | Orc:2    | Killed jerryfan's ghost
 18059 | Orc:2    | Reached skill level 10 in Fighting
 18085 | Orc:2    | Got an encrusted great mace {protect}
 18085 | Orc:2    | Got a faintly glowing great mace {flame}
 18117 | Orc:2    | Identified the +10 great mace of Dried Tears {protect, MR+
                  | Str+4 Dex+2 SInv} (You took it off an ettin on level 2 of
                  | the Orcish Mines)
 18118 | Orc:2    | Identified the +3 great mace of Malaise {flame, +Fly SInv}
                  | (You took it off an ettin on level 2 of the Orcish Mines)
 18190 | Orc:2    | Received a gift from Trog
 18520 | Orc:1    | Received a gift from Trog
 18527 | Orc:1    | Found a roughly hewn altar of Beogh.
 18813 | D:10     | Reached skill level 1 in Evocations
 19713 | D:12     | Received a gift from Trog
 19855 | D:12     | Reached skill level 15 in Maces & Flails
 19862 | D:12     | Reached XP level 15. HP: 65/93 MP: 17/17
 20266 | D:12     | Received a gift from Trog
 20478 | D:13     | Noticed Erolcha
 20486 | D:13     | Killed Erolcha
 20648 | D:13     | Found a labyrinth entrance.
 20678 | Lab      | Entered a labyrinth
 21461 | D:13     | Found a gate to the Vaults.
 21474 | D:13     | Got a twitching tin ring
 21476 | D:13     | Identified the ring of Daisies {Ice rPois Str+8 Dex-2} (You
                  | found it on level 13 of the Dungeon)
 21576 | D:13     | Found a shattered altar of Ashenzari.
 21637 | D:13     | Noticed Rupert
 21654 | D:13     | Killed Rupert
 21849 | D:14     | Found an opulent altar of Gozag.
 22048 | D:14     | Received a gift from Trog
 22378 | D:14     | Reached skill level 16 in Maces & Flails
 22491 | D:14     | Reached skill level 5 in Evocations
 22763 | D:14     | Reached XP level 16. HP: 101/101 MP: 20/20
 22895 | D:14     | Found a runed door.
 22994 | D:14     | Found a roughly hewn altar of Beogh.
 23051 | D:15     | Entered Level 15 of the Dungeon
 23134 | D:15     | Reached ****** piety under Trog
 23338 | D:15     | Found Riyxepn's Antique Weapon Shoppe.
 23477 | D:15     | Received a gift from Trog
 23493 | D:15     | Found a staircase to the Depths.
 24378 | Shoals:1 | Entered Level 1 of the Shoals
 24390 | Shoals:1 | Received a gift from Trog
 24582 | Shoals:1 | Reached skill level 1 in Axes
 25024 | Shoals:1 | Noticed Frances
 25034 | Shoals:1 | Killed Frances
 25487 | Shoals:2 | Noticed Louise
 25505 | Shoals:2 | Killed Louise
 25542 | Shoals:2 | Noticed Polyphemus
 25576 | Shoals:2 | Killed Polyphemus
 25576 | Shoals:2 | Reached skill level 17 in Maces & Flails
 25637 | Shoals:2 | Received a gift from Trog
 25898 | Shoals:2 | Reached XP level 17. HP: 67/108 MP: 22/22
 26015 | Shoals:2 | Received a gift from Trog
 26020 | Shoals:2 | Got a polished flail {god gift}
 26023 | Shoals:2 | Identified the +6 flail of Earthquakes {crush, Str+5} (Trog
                  | gifted it to you on level 2 of the Shoals)
 26073 | Shoals:2 | Reached skill level 15 in Armour
 27781 | Shoals:4 | Entered Level 4 of the Shoals
 28288 | Shoals:4 | Received a gift from Trog
 28747 | Shoals:4 | Got a barnacled rune of Zot
 29045 | Shoals:4 | Reached skill level 18 in Maces & Flails
 29410 | Spider:1 | Entered Level 1 of the Spider Nest
 29904 | Spider:1 | Reached XP level 18. HP: 105/114 MP: 24/24
 30252 | Spider:1 | Received a gift from Trog
 31503 | Spider:2 | Noticed Kirke
 31514 | Spider:2 | Killed Kirke
 31828 | Spider:3 | Received a gift from Trog
 31961 | Spider:3 | Received a gift from Trog
 32349 | Spider:4 | Entered Level 4 of the Spider Nest
 32441 | Spider:4 | Received a gift from Trog
 33040 | Spider:4 | Identified the +10 shortbow of Reud {velocity, +Fly} (You
                  | found it on level 4 of the Spider Nest)
 33131 | Spider:4 | Received a gift from Trog
 33132 | Spider:4 | Got a twisted great mace {god gift}
 33135 | Spider:4 | Identified the +2 great mace of the Grave {elec, rC+ Int+2
                  | Dex+2} (Trog gifted it to you on level 4 of the Spider
                  | Nest)
 33497 | Spider:4 | Reached XP level 19. HP: 111/120 MP: 26/26
 33523 | Spider:4 | Slain by an emperor scorpion

Skill      XL: |  1  2  3  4  5  6  7  8  9 10 11 12 13 14 15 16 17 18 |
---------------+-------------------------------------------------------+-----
Dodging        | 2 3 4 5 6 7 |  7.1
Maces & Flails | 4 5 6 7 9 10 12 13 15 16 17 18 | 18.9
Fighting       | 4 5 7 8 9 10 11 12 13 | 13.8
Armour         | 3 4 5 7 8 9 10 11 12 13 14 15 16 | 16.6
Shields        | 1 3 5 6 7 9 |  9.6
Throwing       | 1 2 3 4 5 6 7 9 |  9.1
Unarmed Combat | 1 |  1.0
Stealth        | 1 2 3 5 6 |  6.1
Evocations     | 3 5 7 8 9 |  9.9
Axes           | 1 |  1.8
Short Blades   | |  0.3

Action                   |  1- 3 |  4- 6 |  7- 9 | 10-12 | 13-15 | 16-18 | 19-21 || total
-------------------------+-------+-------+-------+-------+-------+-------+-------++-------
Melee: Mace              |   198 |   194 |   297 |   704 |   426 |    72 |       ||  1891
       Short sword       |       |    13 |       |       |       |       |       ||    13
       Unarmed           |       |       |     9 |       |       |       |       ||     9
       Morningstar       |       |       |       |    71 |    93 |       |       ||   164
       Peck              |       |       |       |    52 |   399 |   429 |     7 ||   887
       Great mace        |       |       |       |       |   673 |  1166 |    18 ||  1857
       Battleaxe         |       |       |       |       |       |     7 |       ||     7
Throw: Javelin           |       |    12 |    11 |    50 |   145 |   392 |     3 ||   613
       Tomahawk          |       |       |       |     5 |    12 |    12 |       ||    29
Invok: Berserk           |     3 |     2 |     4 |     5 |     4 |     2 |       ||    20
       Trog's Hand       |       |       |     1 |     2 |     7 |     6 |       ||    16
       Brothers in Arms  |       |       |     1 |       |     4 |     3 |       ||     8
 Abil: Evoke Blink       |       |       |       |       |     2 |     1 |       ||     3
       Fly               |       |       |       |       |     1 |       |       ||     1
Evoke: Wand              |       |       |     2 |       |     5 |    22 |       ||    29
  Use: Scroll            |       |     2 |     1 |    11 |    10 |     9 |       ||    33
       Potion            |       |       |       |    11 |     5 |     1 |       ||    17
 Stab: Sleeping          |       |       |       |     3 |     2 |       |       ||     5
       Distracted        |       |       |       |     1 |     3 |       |       ||     4
       Petrified         |       |       |       |       |    18 |     1 |       ||    19
       Petrifying        |       |       |       |       |     3 |     2 |       ||     5
       Fleeing           |       |       |       |       |     1 |       |       ||     1
  Eat: Chunk             |     6 |     8 |    15 |    26 |    35 |    38 |       ||   128
       Ration            |       |       |       |     1 |     2 |     1 |       ||     4
Armor: Animal skin       |    29 |       |       |       |       |       |       ||    29
       Chain mail        |    44 |   131 |   164 |       |       |       |       ||   339
       Leather armour    |    16 |       |    16 |   169 |       |       |       ||   201
       Scale mail        |       |    11 |       |       |       |       |       ||    11
       Plate armour      |       |    10 |       |       |   639 |  1309 |    42 ||  2000
       Ring mail         |       |       |       |    41 |   125 |       |       ||   166
Dodge: Dodged            |   163 |    96 |   143 |   346 |   801 |  1113 |    33 ||  2695
Block: Buckler           |       |       |    82 |   152 |       |       |       ||   234
       Shield            |       |       |       |   125 |   258 |       |       ||   383
